 Dungeon Crawl Stone Soup version 0.19.4-8-ga85b6b9 (webtiles) character file.

20789 LORDOFBUTT the Basher (level 12, -5/118 HPs)
             Began as a Gargoyle Fighter on Feb 12, 2017.
             Was an Initiate of Gozag.
             Slain by a killer bee (8 damage)
             ... on level 2 of the Lair of Beasts.
             The game lasted 00:18:45 (12629 turns).

LORDOFBUTT the Basher (Gargoyle Fighter)           Turns: 12629, Time: 00:18:45

Health: -5/118     AC: 19    Str: 34    XL:     12   Next: 83%
Magic:  12/12      EV:  9    Int: 10    God:    Gozag
Gold:   1247       SH: 14    Dex: 14    Spells: 0 memorised, 11 levels left

rFire  . . .     SeeInvis .     X - +7 flail of Quuhierr {crush, Str+7 Dex+3}
rCold  . . .     Gourm    .     b - +0 scale mail
rNeg   + + .     Faith    .     c - +0 shield
rPois  ∞         Spirit   .     (no helmet)
rElec  +         Reflect  .     y - +0 cloak
rCorr  .         Harm     .     (no gloves)
MR     .....                    (no boots)
Stlth  ..........               (no amulet)
                                U - ring of stealth
                                z - ring of positive energy

@: berserking, very quick
A: negative energy resistance 1, electricity resistance, unbreathing,
petrification resistance, rot immunity, AC +8
a: Potion Petition, Call Merchant, Bribe Branch, Renounce Religion


You were on level 2 of the Lair of Beasts.
You worshipped Gozag.
Gozag was most pleased with you.
You were not hungry.

You visited 3 branches of the dungeon, and saw 15 of its levels.

You collected 2631 gold pieces.
You spent 272 gold pieces at shops.
You paid 1112 gold pieces to Gozag.

Inventory:

Hand Weapons
 X - the +7 flail of Quuhierr (weapon) {crush, Str+7 Dex+3}
   (You bought it in a shop on level 2 of the Lair of Beasts)

   It inflicts extra damage upon your enemies.
   It affects your strength (+7).
   It affects your dexterity (+3).
Armour
 b - a +0 scale mail (worn)
 c - a +0 shield (worn)
 y - a +0 cloak (worn)
Jewellery
 z - a ring of positive energy (left hand)
 U - a ring of stealth (right hand)
Wands
 d - a wand of polymorph (12/24)
 o - a wand of disintegration (6/24)
 w - a wand of teleportation (5/9)
 F - a wand of flame (32/48)
 I - a wand of slowing (40/48)
 J - a wand of confusion (31/48)
 M - a wand of teleportation (6/9)
 P - a wand of slowing (8/48)
 T - a wand of iceblast (5/15)
 W - a wand of confusion (27/48)
Scrolls
 h - 5 scrolls of remove curse
 k - 2 scrolls of identify
 n - 3 scrolls of amnesia
 r - 2 scrolls of fear
 C - a scroll of blinking {unknown}
 H - 2 scrolls of recharging
 K - 2 scrolls of magic mapping
 N - a scroll of enchant armour {unknown}
 R - a scroll of enchant weapon
 S - a scroll of teleportation
Potions
 a - 3 potions of lignification
 e - 5 potions of magic
 g - a potion of mutation
 j - 2 potions of degeneration
 l - 2 potions of heal wounds
 m - a potion of curing
 p - a potion of flight
 s - 3 potions of brilliance {unknown}
 u - 3 potions of resistance {unknown}
 v - a potion of agility {unknown}
 x - a potion of might
 B - 3 potions of haste {unknown}
 D - a potion of beneficial mutation {unknown}
 G - a potion of ambrosia {unknown}
Books
 i - a book of Conjurations

   Spells                             Type                      Level
   a - Magic Dart                     Conjuration                  1
   b - Searing Ray                    Conjuration                  2
   c - Dazzling Spray                 Conjuration/Hexes            3
   d - Fulminant Prism                Conjuration/Hexes            4
   e - Iskenderun's Mystic Blast      Conjuration                  4
   f - Iskenderun's Battlesphere      Conjuration/Charms           5
 Q - a book of Geomancy

   Spells                             Type                      Level
   a - Sandblast                      Earth                        1
   b - Passwall                       Transmutation/Earth          2
   c - Stone Arrow                    Conjuration/Earth            3
   d - Petrify                        Transmutation/Earth          4
   e - Lee's Rapid Deconstruction     Earth                        5
Comestibles
 f - 6 bread rations
 q - 4 meat rations
 t - a beef jerky
 E - 17 fruits
 O - a slice of pizza
 V - a royal jelly


   Skills:
 + Level 10.6 Fighting
 * Level 13.2 Maces & Flails
 + Level 10.8 Armour
 + Level 10.8 Shields


You had 11 spell levels left.
You didn't know any spells.

Dungeon Overview and Level Annotations

Branches:
Dungeon (11/15)            Temple (1/1) D:5            Lair (3/6) D:10
 Shoals (0/4) Lair:3
  Snake: Lair:2-4    Spider: Lair:2-4       Orc: D:9-12

Altars:
Ashenzari
Cheibriados
Dithmenos
Elyvilon
Fedhas
Gozag
Hepliaklqana
Kikubaaqudgha
Makhleb
Nemelex Xobeh
Okawaru
Qazlal
Ru
Sif Muna
Trog
Uskayaw
Vehumet
Xom
Yredelemnul
Zin
The Shining One

Shops:
D:6 :   D:8 %   D:11 (   Lair:2 (

Annotations:
D:11 UltraMegaBob's ghost, journeyman HOFi


Innate Abilities, Weirdness & Mutations

You are resistant to torment.
Your stone body is resilient. (AC +8)
You are immune to poison.
You resist negative energy. (rN+)
You are resistant to electric shocks. (rElec)
You can survive without breathing.
You are immune to petrification.
You are immune to rotting.


Message History

The killer bee stings you.
* * * LOW HITPOINT WARNING * * *
The killer bee stings you but does no damage. x2
You are too berserk!
You sock the killer bee!
The killer bee is moderately wounded.
You block the killer bee's attack. x2
The killer bee stings you but does no damage.
The killer bee barely misses you. You block the killer bee's attack.
The killer bee stings you but does no damage.
You miss the killer bee.
The killer bee is moderately wounded.
The killer bee is no longer berserk.
The killer bee stings you but does no damage.
The killer bee barely misses you. You block the killer bee's attack. x2
You barely miss the killer bee.
The killer bee is moderately wounded.
The killer bee stings you!
You die...
Your body crumbles into a pile of gold.

...###......#..#####..#....#+#...
....#.........8..##.......##+##..
.....#.............#.##......++..
....##........#..........##...#..
.....#........#.#.......##...++..
....#........#.##...8........##..
..###.......#...#.......#..#.##..
.#.##..........y#.8...8.#........
..............yy@.......#........
...............y....8...#........
..............y#........#.#......
...................#.#.....##.P..
#..#..........#...##..#......###.
#..#.......###.....#...#..8....##
...##.....##.....##.....#......##
...##......#.#...###.......##...+
...##.....P###...###...#.......##


You could see a queen bee and 4 killer bees.

Vanquished Creatures
  Harold (D:11)
  A hydra (Lair:1)
  Urug (D:11)
  Sonja (D:11)
  An unseen horror (D:11)
  Pikel (D:5)
  3 hill giants (D:10)
  2 ugly things (D:11)
  2 manticores
  Psyche (D:9)
  A black mamba (Lair:2)
  A torpor snail (Lair:2)
  3 rime drakes
  10 blink frogs
  Grinder (D:5)
  Prince Ribbit (D:6)
  7 hippogriffs
  Sigmund (D:5)
  19 yaks
  Eustachio (D:5)
  5 water moccasins
  Duvessa (D:6)
  6 porcupines
  A phantom (D:5)
  2 sky beasts
  5 ice beasts
  An ogre (D:8)
  2 black bears
  3 wolves (Lair:3)
  6 centaurs
  A crocodile (D:11)
  2 big kobolds
  7 bullfrogs
  Dowan (D:6)
  2 scorpions
  A water moccasin skeleton (D:10)
  12 killer bees
  4 wights (D:11)
  A bullfrog zombie (D:7)
  A centaur zombie (D:10)
  A quasit (D:10)
  2 crimson imps
  Crazy Yiuf (D:3)
  6 bullfrog skeletons
  4 hounds
  4 jellies
  2 orc priests
  A centaur skeleton (D:5)
  3 iguanas
  9 orc wizards
  Natasha (thrice) (D:2)
  7 worker ants
  2 killer bee zombies
  2 hound skeletons
  A howler monkey zombie (D:5)
  5 gnolls
  A howler monkey skeleton (D:6)
  11 adders
  2 shadow imps
  An ooze (D:4)
  3 worms
  3 dart slugs
  4 leopard geckos
  49 orcs
  3 bats
  6 giant cockroaches
  9 goblins
  8 hobgoblins
  14 jackals
  14 kobolds
  2 quokkas
  2 ball pythons
  2 frilled lizards
  8 rats
318 creatures vanquished.

Vanquished Creatures (others)
  A spiny frog (Lair:2)
  A slave (D:5)
  A howler monkey (D:5)
  3 gnolls (D:5)
  An adder (D:5)
  2 plants
9 creatures vanquished.

Grand Total: 327 creatures vanquished

Notes
Turn   | Place    | Note
-------+----------+-------------------------------------------
     0 | D:1      | LORDOFBUTT the Gargoyle Fighter began the quest for the Orb.
     0 | D:1      | Reached XP level 1. HP: 14/14 MP: 1/1
   109 | D:1      | Reached XP level 2. HP: 6/19 MP: 2/2
   822 | D:2      | Reached XP level 3. HP: 15/24 MP: 3/3
   890 | D:2      | Noticed Natasha
   895 | D:2      | Killed Natasha
   895 | D:2      | Reached XP level 4. HP: 13/29 MP: 4/4
   946 | D:2      | Found a shadowy altar of Dithmenos.
  1332 | D:2      | Noticed Natasha
  1348 | D:2      | Killed Natasha
  1348 | D:2      | Reached skill level 3 in Maces & Flails
  1587 | D:2      | Noticed Natasha
  1590 | D:2      | Killed Natasha
  1590 | D:2      | Reached XP level 5. HP: 31/33 MP: 5/5
  1971 | D:3      | Found a sparkling altar of Nemelex Xobeh.
  2163 | D:3      | Found a runed door.
  2395 | D:3      | Noticed Crazy Yiuf
  2414 | D:3      | Killed Crazy Yiuf
  2414 | D:3      | Reached skill level 4 in Maces & Flails
  2414 | D:3      | Reached XP level 6. HP: 7/39 MP: 6/6
  3052 | D:5      | Entered Level 5 of the Dungeon
  3052 | D:5      | Found a staircase to the Ecumenical Temple.
  3062 | D:5      | Reached XP level 7. HP: 20/44 MP: 7/7
  3243 | D:5      | Noticed Grinder
  3255 | D:5      | Killed Grinder
  3255 | D:5      | Reached skill level 5 in Fighting
  3255 | D:5      | Reached skill level 5 in Maces & Flails
  3255 | D:5      | Reached skill level 5 in Armour
  3255 | D:5      | Reached skill level 5 in Shields
  3269 | D:5      | Noticed Eustachio
  3273 | Temple   | Entered the Ecumenical Temple
  3344 | Temple   | Became a worshipper of Gozag Ym Sagoz the Greedy
  3403 | D:5      | Killed Eustachio
  3421 | D:5      | Reached XP level 8. HP: 41/50 MP: 8/8
  3557 | D:5      | Reached skill level 6 in Maces & Flails
  3599 | D:5      | Noticed Pikel
  3625 | D:5      | Noticed Sigmund
  3635 | D:5      | Killed Pikel
  3655 | D:5      | Killed Sigmund
  3655 | D:5      | Reached skill level 7 in Maces & Flails
  3997 | D:5      | Reached XP level 9. HP: 43/56 MP: 9/9
  4024 | D:5      | Found a shimmering altar of Xom.
  4210 | D:6      | Noticed Dowan
  4211 | D:6      | Noticed Duvessa
  4222 | D:6      | Killed Duvessa
  4227 | D:6      | Killed Dowan
  4446 | D:6      | Reached skill level 8 in Maces & Flails
  4703 | D:6      | Noticed Prince Ribbit
  4715 | D:6      | Killed Prince Ribbit
  4762 | D:6      | Found Cusaxtuxed's Book Shoppe.
  5811 | D:8      | Found a deep blue altar of Sif Muna.
  5815 | D:8      | Found a bloodstained altar of Trog.
  5835 | D:8      | Found Acsint's Food Boutique.
  5847 | D:8      | Reached skill level 9 in Maces & Flails
  5892 | D:8      | Reached XP level 10. HP: 57/63 MP: 10/10
  6022 | D:8      | Found a snail-covered altar of Cheibriados.
  6102 | D:8      | Found an ancient bone altar of Kikubaaqudgha.
  6389 | D:9      | Found a hazy altar of Hepliaklqana.
  6841 | D:9      | Noticed Psyche
  6856 | D:9      | Killed Psyche
  6996 | D:9      | Found a glowing silver altar of Zin.
  6996 | D:9      | Found a sacrificial altar of Ru.
  7097 | D:10     | Entered Level 10 of the Dungeon
  7206 | D:10     | Reached skill level 10 in Maces & Flails
  7257 | D:10     | Noticed a hill giant
  7267 | D:10     | Killed a hill giant
  7278 | D:10     | Found a staircase to the Lair.
  7329 | D:10     | Noticed a hill giant
  7345 | D:10     | Killed a hill giant
  7402 | D:10     | Noticed a hill giant
  7414 | D:10     | Killed a hill giant
  7414 | D:10     | Reached XP level 11. HP: 16/69 MP: 11/11
  8052 | D:10     | Reached skill level 11 in Maces & Flails
  8081 | Lair:1   | Entered Level 1 of the Lair of Beasts
  8217 | Lair:1   | Found an ancient bone altar of Kikubaaqudgha.
  8469 | Lair:1   | Noticed a five-headed hydra
  8479 | Lair:1   | Killed a five-headed hydra
  8981 | D:11     | Noticed Sonja
  9022 | D:11     | Killed Sonja
  9071 | D:11     | Noticed Urug
  9087 | D:11     | Killed Urug
  9102 | D:11     | Noticed Harold
  9126 | D:11     | Killed Harold
  9425 | D:11     | Found Meriteyd's Weapon Emporium.
  9434 | D:11     | Noticed UltraMegaBob's ghost (journeyman HOFi)
  9507 | D:11     | Noticed a red ugly thing
  9528 | D:11     | Killed a red ugly thing
  9683 | D:11     | Killed an unseen horror
  9683 | D:11     | Reached skill level 12 in Maces & Flails
  9683 | D:11     | Reached skill level 10 in Shields
  9927 | D:11     | Found a glowing golden altar of the Shining One.
  9985 | D:11     | Noticed a manticore
  9988 | D:11     | Noticed a cyan ugly thing
  9991 | D:11     | Reached XP level 12. HP: 68/77 MP: 12/12
 10597 | Lair:3   | HP: 3/77 [wolf (6)]
 10636 | Lair:3   | Reached skill level 10 in Fighting
 10637 | Lair:3   | Reached skill level 10 in Armour
 11663 | Lair:2   | Reached skill level 13 in Maces & Flails
 12169 | Lair:2   | Bought an encrusted flail for 272 gold pieces
 12169 | Lair:2   | Identified the +7 flail of Quuhierr {crush, Str+7 Dex+3} (You bought it in a shop on level 2 of the Lair of Beasts)
 12185 | Lair:3   | Found a staircase to the Shoals.
 12625 | Lair:2   | HP: 3/79 [killer bee (10)]
 12629 | Lair:2   | Slain by a killer bee

Skill      XL: |  1  2  3  4  5  6  7  8  9 10 11 12 |
---------------+-------------------------------------+-----
Fighting       | 4 5 6 7 8 9 10 | 10.6
Maces & Flails | 3 4 5 7 9 10 12 13 | 13.2
Armour         | 4 5 6 7 8 9 10 | 10.8
Shields        | 4 5 6 7 8 10 | 10.8

Action                   |  1- 3 |  4- 6 |  7- 9 | 10-12 || total
-------------------------+-------+-------+-------+-------++-------
Melee: Flail             |    84 |   256 |   300 |   784 ||  1424
Invok: Potion Petition   |       |       |       |     2 ||     2
       Call Merchant     |       |       |       |     1 ||     1
Evoke: Wand              |       |       |     1 |     2 ||     3
       Phantom mirror    |       |       |       |     1 ||     1
  Use: Potion            |       |     2 |     2 |     8 ||    12
       Scroll            |       |       |    20 |     3 ||    23
 Stab: Invisible         |       |     1 |       |     1 ||     2
       Distracted        |       |       |     2 |     2 ||     4
  Eat: Beef jerky        |       |     3 |       |       ||     3
       Chunk             |       |     3 |     1 |       ||     4
       Fruit             |       |       |     3 |    10 ||    13
       Meat ration       |       |       |     1 |       ||     1
       Bread ration      |       |       |     1 |     2 ||     3
       Pizza             |       |       |       |     4 ||     4
Armor: Scale mail        |    48 |   102 |   198 |   420 ||   768
Dodge: Dodged            |    41 |    65 |    77 |   269 ||   452
Block: Shield            |    70 |   122 |   176 |   543 ||   911
